 Dungeon Crawl Stone Soup version 0.28-a0-97-g102d6777a4 (webtiles) character file.

Game seed: 11515259501203003717

189 lunkers the Magician (level 6, -1/45 HPs)
             Began as a Djinni Earth Elementalist on Aug 9, 2021.
             Slain by a gnoll (10 damage)
             ... on level 4 of the Dungeon.
             The game lasted 00:06:04 (4520 turns).

lunkers the Magician (Djinni Earth Elementalist)    Turns: 4520, Time: 00:06:05

Health: -1/45      AC:  2    Str:  7    XL:     6   Next: 0%
Gold:   71         EV: 13    Int: 18    God:
                   SH:  0    Dex: 20

rFire   + + +      SeeInvis .   k - +1 whip (vamp)
rCold   x . .      Faith    .   (no shield)
rNeg    . . .      Spirit   .   b - +0 robe
rPois   ∞          Reflect  .   (no helmet)
rElec   .          Harm     .   (no cloak)
rCorr   .          Rampage  .   (no gloves)
Will    .....                   (boots unavailable)
Stlth   ++........              (no amulet)
HPRegen 0.15/turn               g - ring of protection from fire
MPRegen 0.00/turn               a - +6 ring of dexterity

@: flying
A: sickness immunity, fire resistance 2, cold vulnerability 1, float, innate
caster, hp casting, extra vitality 1
a: no special abilities


You were on level 4 of the Dungeon.
You visited 1 branch of the dungeon, and saw 4 of its levels.

You collected 71 gold pieces.

Inventory:

Hand Weapons
 k - a +1 vampiric whip (weapon)
Missiles
 c - 43 stones
Armour
 b - a +0 robe (worn)
Jewellery
 a - a +6 ring of dexterity (right hand)
 g - a ring of protection from fire (left hand)
Scrolls
 d - a scroll of enchant weapon {unknown}
 e - 2 scrolls of blinking {unknown}
 h - a scroll of vulnerability {unknown}
 j - a scroll of silence {unknown}
 m - a scroll of teleportation {unknown}
 o - a scroll of immolation {unknown}
 p - a scroll of amnesia {unknown}
 q - 4 scrolls of identify {unknown}
 r - a scroll of magic mapping {unknown}
 s - 2 scrolls of noise {unknown}
 u - a scroll of fog {unknown}
Potions
 f - a potion of degeneration {unknown}
 i - a potion of resistance {unknown}
 l - a potion of ambrosia {unknown}
 n - 2 potions of curing {unknown}
 t - a potion of lignification {unknown}


   Skills:
 + Level 2.7 Fighting
 - Level 2.1 Dodging
 - Level 1.5 Stealth
 * Level 4.1 Spellcasting


You couldn't memorise any spells.
You knew the following spells:

 Your Spells              Type           Power      Damage    Failure   Level
a - Stone Arrow           Conj/Erth      36%        3d9       8%          3
b - Passwall              Tmut/Erth      15%        N/A       4%          2
c - Sandblast             Erth           36%        2d10      2%          1
d - Petrify               Tmut/Erth      18%        N/A       26%         4
e - Foxfire               Conj/Fire      72%        2x1d7     2%          1
f - Corpse Rot            Necr/Air       N/A        N/A       4%          2
Your spell library was empty.

Dungeon Overview and Level Annotations

Branches:
Dungeon (4/15)
 Temple: D:4-7

Altars:
Ashenzari
Fedhas
Kikubaaqudgha
Xom

Annotations:
D:3 2 runed translucent doors


Innate Abilities, Weirdness & Mutations

You are immune to sickness and miasma.
You are immune to poison.
Your flesh is very heat resistant. (rF++)
You are vulnerable to cold. (rC-)
You float through the air rather than walking.
You learn spells naturally, not from books.
Your magical power is your life essence.
You have superior vitality. (+4 HP)


Message History

Casting: Stone Arrow (dangerous; 9% risk of failure)
Confirm with . or Enter, or press ? or * to list all spells.
The stone arrow hits the gnoll!
The gnoll is severely wounded.
The gnoll shouts!
The gnoll throws a throwing net.
The throwing net hits you.
You become entangled in the net!
Lua error: ...ter/crawl-git-102d6777a4/data/dat/clua/automagic.lua:202: Cannot currently process new keys (there is pending input) Lua error: ...ter/crawl-git-102d6777a4/data/dat/clua/automagic.lua:202: Cannot currently process new keys (there is pending input)
There are monsters nearby!
There are monsters nearby!
There are monsters nearby!
Lua error: ...ter/crawl-git-102d6777a4/data/dat/clua/automagic.lua:202: Cannot currently process new keys (there is pending input)
Casting: Stone Arrow (dangerous; 9% risk of failure)
Confirm with . or Enter, or press ? or * to list all spells.
The stone arrow hits the gnoll.
You kill the gnoll!
The gnoll throws a stone.
The stone hits you.
You have reached level 6!
Your experience leads to an increase in your attributes!
Your base attributes are Str 7, Int 17, Dex 14.
Increase (S)trength, (I)ntelligence, or (D)exterity?
You feel clever.
You struggle against the net.
The gnoll throws a stone.
The stone hits you.
You struggle against the net.
The gnoll throws a stone.
The stone hits you.
You struggle against the net.
The gnoll hits you from afar with a +0 halberd!
* * * LOW HITPOINT WARNING * * *
You rip the net and break free!
The hobgoblin barely misses you.
The gnoll hits you from afar with a +0 halberd!
* * * LOW HITPOINT WARNING * * *
The gnoll throws a stone.
The stone hits you.
* * * LOW HITPOINT WARNING * * *
Things that are here:
a +0 club; a +0 leather armour; an orc corpse The hobgoblin closely misses you.
There is a stone staircase leading up here.
The hobgoblin misses you.
The gnoll hits you from afar with a +0 halberd!
You die...

### ### #.####.#
#......# #.####.#
####.# #.# #....#
#.####### #.####
#.#..g..#
#####.#######.#g###.#
#....((......@g.# #.#
#.....#############.##
#.....##.......g.....#
########.#############
.....$.........
#######.#########
#.............
#.g...........
#.............


You could see 2 gnolls and a hobgoblin.

Vanquished Creatures
  Jessica (D:3)
  A gnoll (D:4)
  6 adders
  3 dart slugs
  13 orcs
  5 ball pythons
  7 bats
  5 endoplasms
  4 giant cockroaches
  2 goblins (D:3)
  3 hobgoblins
  9 jackals
  4 quokkas
  2 frilled lizards
  5 kobolds
  5 rats
75 creatures vanquished.

Notes
Turn   | Place    | Note
-------+----------+-------------------------------------------
     0 | D:1      | lunkers the Djinni Earth Elementalist began the quest for
                  | the Orb.
     0 | D:1      | Reached XP level 1. HP: 15/15 MP: 0/0
   213 | D:1      | Reached XP level 2. HP: 21/22 MP: 0/0
   404 | D:1      | Reached skill level 1 in Fighting
   577 | D:1      | Reached XP level 3. HP: 19/27 MP: 0/0
   577 | D:1      | Learned a level 1 spell: Foxfire
   584 | D:1      | Reached skill level 3 in Spellcasting
   828 | D:1      | You are sucked into a shaft and drop 1 floor!
   836 | D:2      | Found a faded altar of an unknown god.
  1139 | D:2      | Reached XP level 4. HP: 28/33 MP: 0/0
  2760 | D:3      | Reached XP level 5. HP: 25/38 MP: 0/0
  2760 | D:3      | Learned a level 2 spell: Corpse Rot
  2871 | D:3      | Found a shimmering altar of Xom.
  2942 | D:3      | Found a large runed translucent door.
  2943 | D:3      | Found a large runed translucent door.
  2993 | D:3      | Found a broken altar of Ashenzari.
  3152 | D:3      | Found a blossoming altar of Fedhas.
  3512 | D:3      | Noticed Jessica
  3513 | D:3      | Killed Jessica
  3756 | D:3      | Reached skill level 4 in Spellcasting
  4484 | D:4      | Reached XP level 6. HP: 37/45 MP: 0/0
  4520 | D:4      | Slain by a gnoll

Illustrated notes

Levels and vault maps discovered:
D:1:      psy_arrival_whirlpool, layout_loops_corners
D:2:      layout_basic, hellmonk_ecumenical_altar_slurped_away, basic_altar
D:3:      layout_loops_ring, nicolae_ashenzari_panopticon,
          mainiacjoe_overflow_chevrons, fedhas_altar_3, jmf_multi_god_temple2,
          grunt_decor_arrowhead, uniq_jessica
D:4:      layout_basic, minmay_temple_entry_poolview, uniq_ijyb,
          uniq_blork_the_orc, uniq_eustachio, uniq_edmund

Skill      XL: |  1  2  3  4  5 |
---------------+----------------+-----
Fighting       | 1 2 |  2.7
Spellcasting   | 3 4 |  4.1
Dodging        | |  2.1
Stealth        | |  1.5

Action                   |  1- 3 |  4- 6 || total
-------------------------+-------+-------++-------
 Cast: Sandblast         |    50 |     5 ||    55
       Stone Arrow       |       |    54 ||    54
Armor: Robe              |     4 |     3 ||     7
Dodge: Dodged            |    16 |    19 ||    35

Table legend: (Time is in decaauts)
 A = Elapsed time spent in this place.
 B = Non-inter-level travel time spent in this place.
 C = Inter-level travel time spent in this place.
 D = Time resting spent in this place.
 E = Time spent auto-exploring this place.
 F = Levels seen in this place.
 G = Mean time per level.
                   A        B        C        D        E       F      G
               +--------+--------+--------+--------+--------+-----+--------+
         Total |   4519 |   4458 |     61 |    479 |   3538 |   4 | 1129.8 |
       Dungeon |   4519 |   4458 |     61 |    479 |   3538 |   4 | 1129.8 |
               +--------+--------+--------+--------+--------+-----+--------+

Top non-repeatable levels by time:
     D:3: 1628 daAuts
     D:1: 1378 daAuts
     D:2: 1297 daAuts
     D:4: 215 daAuts
